Map: Lerilak Crest

Players

SticklerMac - Winner!

  • Race: Zerg Zerg
  • League: Silver

Mugen

  • Race: Terran Terran
  • League: Silver

VOD

Have the link to the VOD?

Description

Time

  • Played on: Sept. 19, 2015, 5:50 p.m.
  • Length: 6:10
Show
View Real Time Build Order
Export as new Build Order

SticklerMac Zerg - Winner!

Build Orders: Hatch First, Zergling Baneling 

Get SALT Encoding   

  12  0:01  Drone  
  13  0:10  Drone  
  14  0:17  Overlord  
  14  0:35  Drone  
  15  0:36  Drone x2  
  17  0:56  Hatchery  
  16  0:59  Drone  
  16  1:02  Drone  
  18  1:05  Extractor  
  18  1:08  Drone  
  18  1:24  Spawning Pool  
  17  1:26  Drone  
  17  1:30  Drone  
  19  1:45  Drone  
  20  1:51  Drone  
  21  2:04  Drone  
  22  2:10  Overlord  
  22  2:12  Queen x2  
  22  2:14  Zergling x2  
  27  2:20  Zergling x2  
  27  2:22  Metabolic Boost  
  27  2:26  Zergling x2  
  28  2:34  Zergling x2  
  28  2:35  Baneling Nest  
  28  2:38  Zergling x2  
  29  3:03  Zergling x2  
  29  3:04  Zergling x8  
  34  3:16  Drone  
  34  3:17  Zergling x2  
  34  3:24  Zergling x2  
  32  3:31  Zergling x6  
  32  3:33  Overlord x3  
  35  3:51  Queen  
  36  3:57  Zergling x4  
  36  3:58  Zergling x2  
  36  4:05  Zergling x10  
  40  4:12  Baneling x5  
  40  4:14  Baneling  
  40  4:15  Baneling  
  40  4:18  Baneling  
  40  4:20  Zergling x2  
  41  4:31  Drone x2  
  37  4:59  Zergling x2  
  36  5:00  Zergling x18  
  41  5:09  Zergling x8  
  45  5:16  Zergling x2  
  45  5:21  Zergling x4  
  47  5:23  Baneling x2  
  47  5:24  Baneling x4  
  47  5:25  Zergling x2  
  49  5:31  Zergling x6  
  49  5:33  Zergling x2  
  53  5:36  Baneling x2  
  53  5:37  Baneling  
  53  5:41  Baneling  
  53  5:42  Zergling x2  
Show
View Real Time Build Order
Export as new Build Order

Mugen Terran 

Build Orders:  

Get SALT Encoding   

  12  0:01  SCV  
  13  0:13  SCV  
  14  0:20  Supply Depot  
  14  0:26  SCV  
  15  0:46  Barracks  
  15  0:48  Barracks  
  15  0:59  Barracks  
  15  1:01  SCV  
  16  1:13  SCV  
  17  1:33  Orbital Command  
  17  1:35  Supply Depot  
  17  1:37  Marine  
  17  1:38  Marine  
  19  1:46  Marine  
  20  1:51  Refinery  
  20  1:56  Marine  
  21  2:02  Supply Depot  
  21  2:03  SCV  
  21  2:06  Marine  
  23  2:16  SCV, Marine x2  
  26  2:24  Marine  
  27  2:31  SCV  
  27  2:34  Marine x2  
  27  2:36  Engineering Bay  
  30  2:42  Marine  
  31  2:48  SCV  
  32  2:53  Refinery  
  32  3:00  SCV  
  32  3:01  Marine x2  
  32  3:02  Marine  
  36  3:10  Factory  
  36  3:12  SCV  
  36  3:23  Marine x3  
  36  3:24  SCV  
  32  3:36  SCV  
  33  3:43  Barracks Tech Lab  
  33  3:44  Barracks Tech Lab  
  33  3:45  Bunker  
  33  3:51  Barracks Reactor  
  33  4:09  SCV  
  34  4:14  Marauder x2  
  34  4:16  Armory  
  38  4:30  Factory Tech Lab  
  38  4:34  Marine x2  
  33  4:53  Marauder x2  
  35  5:03  Marine  
  31  5:09  Supply Depot  
  30  5:20  Supply Depot  
  30  5:21  Marauder  
  30  5:25  Siege Tank  
  30  5:26  Marauder  
  35  5:28  Barracks Reactor  
  35  5:42  Command Center  
  35  5:45  Marine  
  35  5:46  Marine  
Tags
 
Add a new tag
Caveats
  • Supply blocks, unpowered buildings, or Contaminate may cause inaccurate times.
  • Supply counts are checked every 10 seconds.